 Dungeon Crawl Stone Soup version 0.19-a0-1720-gc855d72 (webtiles) character file.

287 kae the Slasher (level 6, -1/49 HPs)
             Began as a Formicid Fighter on Sept 29, 2016.
             Was a Follower of Ru.
             Killed from afar by Sigmund (7 damage)
             ... with a magic dart
             ... on level 4 of the Dungeon.
             The game lasted 00:02:50 (2337 turns).

kae the Slasher (Formicid Fighter)                  Turns: 2337, Time: 00:02:51

Health: -1/49      AC:  7    Str: 23    XL:     6   Next: 56%
Magic:  6/6        EV:  7    Int:  7    God:    Ru [*.....]
Gold:   239        SH:  9    Dex: 10    Spells: 0 memorised, 5 levels left

rFire  . . .     SeeInvis +     a - +0 long sword
rCold  . . .     Gourm    .     b - +0 scale mail
rNeg   . . .     Faith    .     c - +0 shield
rPois  .         Spirit   .     (helmet unavailable)
rElec  .         Dismiss  .     (no cloak)
rCorr  .         Reflect  .     (no gloves)
MR     .....     Harm     .     (no boots)
Stlth  ..........               (no amulet)
                                (no ring)
                                (no ring)

@: no status effects
A: permanent stasis, dig shafts and tunnels, four strong arms, antennae 3,
unskilled 1
a: Dig, Shaft Self, Renounce Religion


You were on level 4 of the Dungeon.
You worshipped Ru.
Ru was aware of your devotion.
You were not hungry.

You visited 1 branch of the dungeon, and saw 4 of its levels.

You collected 239 gold pieces.

Inventory:

Hand Weapons
 a - a +0 long sword (weapon)
Armour
 b - a +0 scale mail (worn)
 c - a +0 shield (worn)
Jewellery
 l - a +4 ring of strength {unknown}
 q - an uncursed ring of stealth {unknown}
 t - an uncursed ring of fire {unknown}
Scrolls
 e - 2 scrolls of immolation {unknown}
 h - 2 scrolls of recharging {unknown}
 i - 2 scrolls of noise {unknown}
 j - 2 scrolls of teleportation {unknown}
 m - 7 scrolls of identify {unknown}
 n - 3 scrolls of magic mapping {unknown}
 o - 3 scrolls of remove curse {unknown}
 p - 2 scrolls of enchant weapon {unknown}
 x - a scroll of fear {unknown}
Potions
 d - a potion of might
 k - 3 potions of haste
 w - a potion of agility {unknown}
Comestibles
 f - 4 bread rations
 g - 2 meat rations
 u - 2 beef jerkies


   Skills:
 + Level 4.6 Fighting
 * Level 4.8 Long Blades
 - Level 3.0 Armour
 - Level 3.2 Shields


You had 5 spell levels left.
You didn't know any spells.

Dungeon Overview and Level Annotations

Branches:
Dungeon (4/15)
 Temple: D:4-7

Altars:
Fedhas
Kikubaaqudgha
Nemelex Xobeh
Okawaru
Ru

Annotations:
D:4 Sigmund


Innate Abilities, Weirdness & Mutations

You are under a permanent stasis effect.
You can dig through walls and to a lower floor.
Your four strong arms can wield two-handed weapons with a shield.
You have a pair of large antennae on your head. (SInv)
You are somewhat unskilled. (-1 Apt)


Message History

The magic dart hits you!
* * * LOW HITPOINT WARNING * * *
You bump into the rock wall.
Sigmund points at you and mumbles some strange words.
The puff of flame misses you.
You bump into the rock wall.
Sigmund smiles chillingly.
Sigmund casts a spell at you. The puff of flame hits you!
* * * LOW HITPOINT WARNING * * *
You bump into the rock wall.
Sigmund hits you but does no damage.
You writhe in agony.
* * * LOW HITPOINT WARNING * * *
Okay, then.
You feel less confused.
It was a potion of berserk rage.
You cannot go berserk while under stasis.
Sigmund casts a spell at you. The magic dart hits you!
You die...

PP.##.........#
P_P####.####..# ### ..P#
#......>.. ..# ####
#..####..# #.# #..# #.#
######..# #.# ........# #
#.# ######.## #..###.##
#.# #...@@.<# #.#
##.###..# #.# #......####
#.# #######......# #.#
#...........>..#
######.###.#............#
...............###.##)..#
###...........## #.#...#
#.##.####...# .....#


You could see Sigmund (invisible).

Vanquished Creatures
  Menkaure (D:4)
  3 gnolls (D:3)
  7 adders
  A worm (D:3)
  3 dart slugs
  A leopard gecko (D:3)
  2 orcs (D:3)
  A ball python (D:3)
  7 bats
  3 giant cockroaches
  11 goblins
  9 hobgoblins
  A quokka (D:2)
  A frilled lizard (D:3)
  7 kobolds
  13 rats
71 creatures vanquished.

Notes
Turn   | Place    | Note
-------+----------+-------------------------------------------
     0 | D:1      | kae the Formicid Fighter began the quest for the Orb.
     0 | D:1      | Reached XP level 1. HP: 18/18 MP: 1/1
    85 | D:1      | Reached XP level 2. HP: 13/24 MP: 2/2
   531 | D:1      | Reached XP level 3. HP: 29/30 MP: 3/3
   679 | D:2      | Found a sacrificial altar of Ru.
   679 | D:2      | Found a sparkling altar of Nemelex Xobeh.
   750 | D:2      | Became a worshipper of Ru the Awakened
   882 | D:2      | Reached XP level 4. HP: 37/37 MP: 4/4
  1374 | D:3      | Reached XP level 5. HP: 43/43 MP: 5/5
  1540 | D:3      | Found an iron altar of Okawaru.
  1852 | D:3      | Gained mutation: You are somewhat unskilled. (-1 Apt) [Ru sacrifice]
  1852 | D:3      | Reached * piety under Ru
  2246 | D:4      | Noticed Menkaure
  2260 | D:4      | Killed Menkaure
  2260 | D:4      | Reached XP level 6. HP: 49/49 MP: 6/6
  2267 | D:4      | Found a blossoming altar of Fedhas.
  2272 | D:4      | Found an ancient bone altar of Kikubaaqudgha.
  2308 | D:4      | Noticed Sigmund
  2337 | D:4      | Killed from afar by Sigmund

Vault maps used:
D:1:      minmay_arrival_radiant_lines, nrook_mini_vaults,
          serial_park_tiny_pond, glass_columns_a, hex_intersection,
          minmay_pentomino_w2
D:2:      gammafunk_temple_overflow_pools
D:3:      okawaru_altar_gauntlet_db
D:4:      grunt_temple_overflow_growth_and_decay, uniq_sigmund,
          uniq_blork_the_orc, uniq_menkaure

Skill      XL: |  1  2  3  4 |
---------------+-------------+-----
Fighting       | 4 |  4.6
Long Blades    | 3 4 |  4.8
Armour         | |  3.0
Shields        | |  3.2

Action                   |  1- 3 |  4- 6 || total
-------------------------+-------+-------++-------
Melee: Long sword        |   118 |   179 ||   297
Invok: Sacrifice Skill   |       |     1 ||     1
 Abil: Dig               |       |     1 ||     1
  Use: Potion            |       |     4 ||     4
  Eat: Chunk             |       |     5 ||     5
Armor: Scale mail        |    51 |    65 ||   116
Dodge: Dodged            |    30 |    57 ||    87
Block: Shield            |    57 |    86 ||   143
